 Dungeon Crawl Stone Soup version 0.30-b1-5-g8e6c1be481 (webtiles) character file.

Game seed: 17944911927611462717

113 tizbic2 the Ruffian (level 4, -2/37 (39) HPs)
             Began as an Armataur Reaver on May 4, 2023.
             Was an Initiate of Wu Jian.
             Slain by a gnoll sergeant
             ... wielding a +5 spear of freezing
              (11 damage)
             ... on level 6 of the Dungeon.
             The game lasted 00:14:57 (2589 turns).

tizbic2 the Ruffian (Armataur Reaver)               Turns: 2589, Time: 00:14:57

HP:   -2/37 (39)    AC: 22    Str: 19    XL:     4   Next: 65%
MP:   7/7           EV:  7    Int: 13    God:    Wu Jian [......]
Gold: 130           SH:  0    Dex:  7    Spells: 6/7 levels left

rFire   . . .        y - +7 staff of the Meek {protect, meekguard}
rCold   . . .        (shield currently unavailable)
rNeg    . . .        j - +0 leather armour
rPois   .            (helmet restricted)
rElec   .            (no cloak)
rCorr   .            (no gloves)
SInv    .            i - +0 barding
Will    .....        (no amulet)
Stlth   +            (no ring)
HPRegen 0.26/turn    (no ring)
MPRegen 0.10/turn

%: random rage (3%), roll
@: under a protective aura, drained
A: large, rugged brown scales 3, deformed body, armoured tail, roll, long
tongue, awkward tongue, horns 1, stinger 1, talons 1, berserk 1, clumsy 1
a: Renounce Religion


You were on level 6 of the Dungeon.
You worshipped Wu Jian.
Wu Jian was noncommittal.
You visited 1 branch of the dungeon, and saw 4 of its levels.

You collected 130 gold pieces.

Inventory:

Hand Weapons
 u - a +0 dagger of speed
 w - a +0 sling
 y - the +7 staff of the Meek (weapon) {protect, meekguard}
   (You found it on level 3 of the Dungeon)
 z - a +4 dagger of draining
Missiles
 l - 3 boomerangs
 p - 5 silver javelins
Armour
 a - a +0 buckler
 e - a +0 ring mail
 i - a +0 barding (worn)
 j - a +0 leather armour (worn)
 x - a +0 helmet
Magical Staves
 k - a staff of death
Jewellery
 d - a ring of fire
Wands
 s - a wand of roots (12)
Scrolls
 c - a scroll of teleportation
 f - a scroll of summoning
 m - 2 scrolls of amnesia
 o - a scroll of magic mapping
 r - a scroll of enchant armour {unknown}
Potions
 b - a potion of curing
 g - a potion of cancellation
 n - a potion of brilliance {unknown}
 q - a potion of attraction
 v - a potion of resistance {unknown}


   Skills:
 - Level 2.5 Fighting
 - Level 0.4 Staves
 + Level 0.0 Ranged Weapons
 - Level 1.2 Armour
 - Level 1.3 Dodging
 * Level 0.0 Shields
 * Level 3.8 Unarmed Combat
 - Level 2.1 Spellcasting
 - Level 3.0 Conjurations
 + Level 0.0 Translocations
 + Level 0.0 Air Magic


You had 6 spell levels left.
You knew the following spells:

 Your Spells              Type           Power      Damage    Failure   Level
a - Kiss of Death         Conj/Necr      20%        2d7       16%         1

Your spell library contained the following spells:

 Spells                   Type           Power      Damage    Failure   Level
 Momentum Strike          Conj/Tloc      10%        3d8       24%         2
 Sting                    Tmut/Pois      4%         1d3       30%         1
 Poisonous Vapours        Pois/Air       2%         N/A       41%         2
 Hailstorm                Conj/Ice       5%         3d4       43%         3
 Vhi's Electric Charge    Tloc/Air       2%         N/A       65%         3
 Olgreb's Toxic Radiance  Pois           1%         N/A       96%         4
 Arcjolt                  Conj/Air       2%         1d12      99%         5
 Maxwell's Capacitive Co  Air            0%         ∞         100%        8


Dungeon Overview and Level Annotations

Branches:
Dungeon (6/15)
 Temple: D:4-7

Altars:
Wu Jian
Zin

Shops:
D:3 **


Innate Abilities, Weirdness & Mutations

You are completely covered in rugged brown scales. (AC +3, +7% HP)
Armour fits poorly on your strangely shaped body.
You have a long armoured tail.
You roll when moving toward enemies. (Rampage)
Your long tongue fully drains potion bottles. (2x potion effects)
Your tongue gives you trouble enunciating. (1.5x scroll delay)
You have a pair of small horns on your head.
Your tail ends in a venomous barb.
You have sharp toenails.
You sometimes lose your temper in combat.
You are clumsy. (Dex -2)


Message History

The gnoll is lightly wounded.
The hound bites you but does no damage. The hound bites you.
The gnoll closely misses you.
The gnoll sergeant hits you but does no damage.
The gnoll closely misses you.
You hit the gnoll. You tail-slap the gnoll.
The gnoll is poisoned.
The gnoll is moderately wounded.
The hound bites you but does no damage. The gnoll hits you but does no damage.
The gnoll sergeant hits you but does no damage.
The gnoll completely misses you. The hound bites you but does no damage.
You barely miss the hound. The hound closely misses you.
The gnoll barely misses you.
The gnoll sergeant hits you but does no damage.
The gnoll hits you but does no damage. The hound bites you but does no damage.
The gnoll sergeant hits you but does no damage.
The gnoll hits you with a +0 spear. The gnoll closely misses you.
You barely miss the hound. The hound barely misses you. x2
The gnoll hits you but does no damage. The gnoll hits you with a +0 halberd.
The gnoll sergeant hits you from afar with a +5 spear of freezing.
The gnoll sergeant freezes you. The gnoll hits you but does no damage.
You closely miss the hound.
Your tail-slap misses the hound.
The hound barely misses you. The hound bites you. The gnoll barely misses you.
The gnoll sergeant barely misses you. The gnoll hits you with a +0 spear.
* * * LOW HITPOINT WARNING * * *
The gnoll completely misses you.
You feel better.
You slurp down every last drop of the potion of curing!
The gnoll looks more healthy.
The hound bites you but does no damage. The gnoll barely misses you.
The gnoll sergeant hits you from afar with a +5 spear of freezing!
The gnoll sergeant freezes you. The gnoll hits you but does no damage.
The gnoll hits you from afar with a +6 spear!
* * * LOW HITPOINT WARNING * * *
The hound bites you but does no damage.
You roll towards the gnoll!
Found 16 gold pieces.
You hit the gnoll.
Your weapon exudes an aura of protection.
The gnoll is lightly wounded.
The hound closely misses you. The gnoll hits you but does no damage.
The gnoll sergeant hits you with a +5 spear of freezing!
You die...

##.## ##...####
####.......#
##..#.......######
#.............##.##
###............#..##
...#########....#.)##
... ##....h..### ...
#..#g@g....# ...
#..ggg...### ...
#...)...## ...
#$.....## ...
#.....## ........
......... ........$


You could see a gnoll sergeant, a hound and 4 gnolls.

Vanquished Creatures
  An orc priest (D:3)
  3 adders
  A dart slug (D:1)
  6 orcs (D:3)
  8 endoplasms
  A giant cockroach (D:1)
  5 goblins
  5 hobgoblins
  8 ball pythons
  2 bats
  3 frilled lizards
  2 kobolds (D:1)
  5 rats
50 creatures vanquished.

Notes
Turn   | Place    | Note
-------+----------+-------------------------------------------
     0 | D:1      | tizbic2 the Armataur Reaver began the quest for the Orb.
     0 | D:1      | Reached XP level 1. HP: 18/18 MP: 3/3
   241 | D:1      | Reached XP level 2. HP: 23/25 MP: 4/4
   806 | D:2      | Reached XP level 3. HP: 31/31 MP: 5/5
  1685 | D:3      | Found Guaxum's General Store.
  1778 | D:3      | Found Hoaddaon's Assorted Antiques.
  1830 | D:3      | Found a glowing silver altar of Zin.
  1992 | D:3      | Found an ornate altar of the Wu Jian Council.
  1996 | D:3      | Reached XP level 4. HP: 39/39 MP: 7/7
  2026 | D:3      | Found the +7 staff of the Meek {protect, meekguard}
  2037 | D:3      | Reached skill level 1 in Armour
  2197 | D:3      | Became a worshipper of the Wu Jian Council
  2563 | D:3      | You fall into a shaft and drop 3 floors!
  2576 | D:6      | Noticed a gnoll sergeant
  2581 | D:6      | Gained mutation: You sometimes lose your temper in combat.
                  | [potion of mutation]
  2581 | D:6      | Gained mutation: Your tail ends in a venomous barb. [potion
                  | of mutation]
  2581 | D:6      | Gained mutation: You are clumsy. (Dex -2) [potion of
                  | mutation]
  2581 | D:6      | Gained mutation: You have a pair of small horns on your
                  | head. [potion of mutation]
  2581 | D:6      | Gained mutation: You have sharp toenails. [potion of
                  | mutation]
  2589 | D:6      | Slain by a gnoll sergeant

Illustrated notes

Levels and vault maps discovered:
D:1:      psy_arrival_fountain, layout_loops_ring,
          chequers_serial_rivers_micro_e
D:2:      layout_loops_corners, minmay_pentomino_u4
D:3:      layout_basic, mainiacjoe_overflow_catwalk, lemuel_doored_altar,
          serial_shops, nicolae_shop_back_alley_shop, nicolae_shop_dealshenge,
          pf_guarded_unrand_meek
D:6:      layout_cave_pools, mainiacjoe_overflow_alcove_2,
          nicolae_hepliaklqana_monster_ancestors, grunt_ministairs_2

Skill      XL: |  1  2  3  4 |
---------------+-------------+-----
Fighting       | 2 |  2.5
Unarmed Combat | 3 |  3.8
Spellcasting   | 2 |  2.1
Armour         | 1 |  1.2
Conjurations   | 3 |  3.0
Staves         | |  0.4
Dodging        | |  1.3

Action                     |  1- 3 |  4- 6 || total
---------------------------+-------+-------++-------
  Melee: Unarmed           |    76 |    18 ||    94
         Tailslap          |    14 |     6 ||    20
         Punch             |     3 |       ||     3
         Mace              |    42 |       ||    42
         Quarterstaff      |       |    14 ||    14
   Fire: Sling             |     9 |       ||     9
    Use: Scroll            |     8 |       ||     8
         Potion            |       |     3 ||     3
 Armour: Ring mail         |    73 |    10 ||    83
         Leather armour    |     9 |    21 ||    30
  Dodge: Dodged            |    50 |    26 ||    76
